 Dungeon Crawl Stone Soup version bcrawl-1.17.1 (webtiles) character file.

Game seed: 2681698889870676430

45505 Gottschkopf the Alchemist (level 14, -2/174 HPs)
             Began as a Black Draconian Transmuter on Oct 14, 2019.
             Was the Champion of Cheibriados.
             Slain by a rime drake (17 damage)
             ... on level 6 of the Lair of Beasts on Oct 16, 2019.
             The game lasted 03:07:28 (16869 turns).

Gottschkopf the Alchemist (DrTm)                   Turns: 16869, Time: 03:07:29

Health: -2/174     AC: 18    Str: 36    XL:     14   Next: 1%
Magic:  23/23      EV:  9    Int: 32    God:    Cheibriados [******]
Gold:   815        SH:  0    Dex: 28    Spells: 5/26 levels left

rFire    + . .     SeeInvis .     - Unarmed
rCold    + + .     Gourm    .   (shield currently unavailable)
rNeg     . . .     Faith    .   (armour unavailable)
rPois    +         Spirit   .   (helmet currently unavailable)
rElec    +         Reflect  .   (cloak currently unavailable)
rCorr    +         Harm     .   (gloves currently unavailable)
MR       +....                  (boots currently unavailable)
Stlth    ++++......             s - amulet of regeneration
HPRegen  0.79/turn              y - ring of protection from cold
MPRegen  0.18/turn              R - ring of stealth

@: confused, dragon-form, resistant, sleeping, frozen, flying, studying
Polearms, very slow
A: giant, breathe lightning, unfitting armour, blink, frail 1, electricity
resistance, weak 1, AC +8
a: Breathe Lightning, End Transformation, Blink, Bend Time, Temporal Distortion,
Slouch, Step From Time, Renounce Religion


You were on level 6 of the Lair of Beasts.
You worshipped Cheibriados.
Cheibriados was exalted by your worship.
You were hungry.
You were a fearsome dragon!
You visited 3 branches of the dungeon, and saw 17 of its levels.

You collected 1065 gold pieces.
You spent 250 gold pieces at shops.

Inventory:

Hand Weapons
 p - a +0 blowgun
 W - the +0 battleaxe of Cheibriados's Reproof {holy, *Corrode +Inv rC++ Int+2, unknown}
   (You found it on level 3 of the Lair of Beasts)

   It has been blessed by the Shining One to cause great damage to the undead
   and demons.
   It affects your intelligence (+2).
   It greatly protects you from cold.
   It lets you turn invisible.
   It may corrode you when you take damage.
Missiles
 a - 1303 arrows
 b - 7 throwing nets {!f}
 q - 478 poisoned needles (quivered)
Armour
 D - a +1 cloak
 T - a +2 hat (melded)
 U - a scarf of cloud immunity (melded)
Jewellery
 k - an uncursed ring of magical power
 s - an amulet of regeneration (around neck)
 u - the ring of Suspected Treachery {*Tele *Contam rPois SInv}
   (You found it on level 4 of the Dungeon)

   [ring of teleportation]

   It may teleport you next to monsters.
   It protects you from poison.
   It lets you see invisible.
   It causes magical contamination when unequipped.
 y - a ring of protection from cold (left foreclaw)
 C - a +2 amulet of reflection
 J - an uncursed ring of protection from fire
 L - an uncursed ring of teleportation
 R - a ring of stealth (right foreclaw)
 X - an uncursed ring of protection from cold
Wands
 z - a wand of random effects (16)
 B - a wand of flame (18)
 F - a wand of digging (14)
 S - a wand of disintegration (15)
Scrolls
 g - a scroll of silence
 h - a scroll of summoning
 j - 2 scrolls of immolation
 m - 3 scrolls of remove curse
 t - 6 scrolls of teleportation
 E - a scroll of enchant weapon
 K - a scroll of vulnerability
 M - 3 scrolls of fear
 N - a scroll of fog
 V - 2 scrolls of identify
 Y - a scroll of blinking {unknown}
Potions
 c - 5 potions of lignification
 e - a potion of resistance
 f - a potion of flight
 i - 3 potions of might
 l - 3 potions of mutation
 n - 7 potions of haste
 o - a potion of berserk rage
 r - 8 potions of curing
 v - 3 potions of brilliance
 w - a potion of invisibility
 x - 2 potions of magic
 P - 2 potions of agility
Books
 A - a manual of Polearms
Miscellaneous
 G - a phial of floods
 H - a phantom mirror
 O - a box of beasts
Comestibles
 d - 25 rations {!d}
 Z - 10 chunks of flesh


   Skills:
 - Level 13.2 Fighting
 - Level 4.5 Dodging
 - Level 7.3 Stealth
 + Level 9.6 Unarmed Combat
 - Level 6.6 Spellcasting
 - Level 16.1 Transmutations
 - Level 2.8 Air Magic
 - Level 2.4 Poison Magic


You had 5 spell levels left.
You knew the following spells:

 Your Spells              Type           Power        Failure   Level  Hunger
a - Beastly Appendage     Tmut           ######       0%          1    None
b - Sticks to Snakes      Tmut           #######.     0%          2    None
c - Spider Form           Tmut/Pois      ###          1%          3    None
d - Blade Hands           Tmut           #######...   1%          5    ####...
e - Dragon Form           Tmut           #######      4%          7    #######
f - Mephitic Cloud        Conj/Pois/Air  ###.....     6%          3    None

Your spell library contained the following spells:

 Spells                   Type           Power        Failure   Level  Hunger
 Ice Form                 Ice/Tmut       ######..     1%          4    ##.....
 Petrify                  Tmut/Erth      ######..     1%          4    ##.....
 Yara's Violent Unravell  Hex/Tmut       ######....   1%          4    ##.....
 Shock                    Conj/Air       ###..        2%          1    None
 Poisonous Vapours        Pois/Air       ####..       2%          2    None
 Swiftness                Chrm/Air       ###.....     3%          2    None
 Animate Skeleton         Necr           N/A          4%          1    None
 Pain                     Necr           ##....       4%          1    None
 Static Discharge         Air            ####....     4%          3    None
 Ensorcelled Hibernation  Hex/Ice        ##....       7%          2    None
 Confuse                  Hex            ##......     13%         3    None
 Conjure Flame            Conj/Fire      ##......     13%         3    None
 Dazzling Spray           Conj/Hex       ##....       13%         3    None
 Regeneration             Chrm/Necr      ##........   13%         3    None
 Vampiric Draining        Necr           ##........   13%         3    None
 Airstrike                Air            ####......   13%         4    ##.....
 Animate Dead             Necr           N/A          41%         4    ##.....
 Cause Fear               Hex            ##........   41%         4    ##.....
 Lightning Bolt           Conj/Air       ###.......   54%         5    ####...
 Summon Lightning Spire   Summ/Air       ###.....     54%         5    ####...
 Aura of Abjuration       Summ           ##........   77%         5    ####...
 Bolt of Draining         Conj/Necr      ##........   77%         5    ####...
 Iskenderun's Battlesphe  Conj/Chrm      ##......     77%         5    ####...
 Metabolic Englaciation   Hex/Ice        ##........   77%         5    ####...
 Summon Forest            Summ/Tloc      ##........   77%         5    ####...
 Infestation              Hex/Tmut/Pois  ######...    45%         6    ######.
 Conjure Ball Lightning   Conj/Air       ###.......   98%         6    ######.
 Freezing Cloud           Ice/Air        ###.......   98%         6    ######.
 Poison Arrow             Conj/Pois      ###.......   99%         6    ######.
 Bolt of Fire             Conj/Fire      ##........   100%        6    ######.
 Borgnjor's Vile Clutch   Necr/Erth      ##........   100%        6    ######.
 Darkness                 Hex            ##........   100%        6    ######.
 Iron Shot                Conj/Erth      ##........   100%        6    ######.
 Shadow Creatures         Summ           N/A          100%        6    ######.
 Steam Barrier            Chrm/Fire      ##........   100%        6    ######.
 Mana Rupture             Conj/Hex       ##........   100%        7    #######
 Orb of Destruction       Conj           ##........   100%        7    #######
 Spellforged Servitor     Conj/Summ      ##........   100%        7    #######
 Summon Greater Demon     Summ           ##........   100%        7    #######
 Time Stop                Chrm/Tloc      N/A          100%        8    #######
 Dragon's Call            Summ           ##........   100%        9    #######
 Fire Storm               Conj/Fire      ##........   100%        9    #######


Dungeon Overview and Level Annotations

Branches:
Dungeon (10/12)            Temple (1/1) D:4            Lair (6/6) D:9
  Swamp (0/3) Lair:3        Snake (0/3) Lair:3        Slime (0/5) Lair:6
    Orc (0/1) D:8

Altars:
Ashenzari
Cheibriados
Dithmenos
Fedhas
Gozag
Hepliaklqana
Kikubaaqudgha
Lugonu
Makhleb
Nemelex Xobeh
Okawaru
Qazlal
Ru
Sif Muna
Trog
Uskayaw
Vehumet
Wu Jian
Xom
Yredelemnul
The Shining One
Jiyva

Shops:
D:5 (   D:6 =


Innate Abilities, Weirdness & Mutations

You can breathe wild blasts of lightning.
Your glossy black scales are hard. (AC +8)
You cannot fit into any form of body armour.
((Your large and strong wings let you fly indefinitely.))
You are resistant to electric shocks. (rElec)
((You are cold-blooded and may be slowed by cold attacks.))
((Your tail ends in a poisonous barb.))
You can translocate small distances at will.
You are frail. (-10% HP)
You are weak. (Str -2)


Message History

You feel invigorated.
The rime drake bites you but does no damage.
The black mamba bites you!
* * * LOW HITPOINT WARNING * * *
The dream sheep ruffle their wool and motes of dream dust sparkle, to no effect.
Some of the chunks of flesh in your inventory have rotted away.
You bump into the stone wall.
The black mamba splashes around in the water.
The rime drake barely misses you. The black mamba bites you.
* * * LOW HITPOINT WARNING * * *
The dream sheep closely misses you.
The rime drake bites you but does no damage.
You're too confused to move!
The black mamba bites you but does no damage.
The dream sheep are wreathed in dream dust.
You feel drowsy...
You fall asleep.
The dream sheep splashes around in the water.
The black mamba bites you but does no damage.
The rime drake bites you!
You die...

#≈≈## #≈≈≈ ## ≈ #≈≈≈ ..# ≈≈
#≈≈. ..# ≈≈≈ #≈≈##≈.###.
#≈≈≈##≈≈≈≈...P.#
≈≈P≈≈≈≈≈≈≈≈...P. ##YD#
..... .# #≈≈#FkS##≈.....
≈...≈≈≈≈≈P...YYY.≈......
.............Y........
#.............%........
##.......................
#. #.....#....#.....P..#.
.###....#..###......$#.#
.#÷#....##........†.†..####


You could see a black mamba, a blink frog, a rime drake and 5 dream sheep.

Vanquished Creatures
  The ghost of Xyudeake the Devastator, a journeyman VSFE of Vehumet (Lair:4)
  The ghost of pheathergobbo575 the Unseen, a journeyman KoRg of Kikubaaqudgha (Lair:1)
  The ghost of kroki the Frost Mage, a journeyman FrIE of Vehumet (Lair:4)
  Harold (D:8)
  7 hydras
  Psyche (D:9)
  An anaconda (Lair:6)
  A two-headed ogre (D:9)
  Sonja (Lair:3)
  A flayed ghost (D:9)
  A necromancer (Lair:3)
  A cyclops (D:10)
  5 oklob plants
  An ugly thing (D:10)
  11 elephants
  Joseph (D:8)
  12 cane toads
  4 black mambas
  4 rime drakes
  3 komodo dragons
  A queen bee (Lair:4)
  3 trolls
  2 polar bears (Lair:6)
  2 hornets (Lair:6)
  A wind drake (Lair:6)
  4 blink frogs
  Grinder (D:5)
  2 dream sheep (Lair:6)
  7 hippogriffs
  A shadow (D:9)
  23 yaks
  A wyvern (D:8)
  4 fire bats (D:9)
  4 wraiths (D:9)
  4 basilisks
  A hungry ghost (D:6)
  3 nagas (Lair:3)
  2 swamp worms (Lair:3)
  30 water moccasins
  5 orc warriors
  7 porcupines
  2 elephant zombies (Lair:3)
  2 sky beasts
  3 ice beasts
  4 ogres
  A black bear (D:8)
  2 phantoms
  7 wolves
  2 centaurs
  9 crocodiles
  A big kobold (D:7)
  9 bullfrogs
  A komodo dragon zombie (Lair:3)
  A wyvern skeleton (D:5)
  3 scorpions
  30 killer bees
  3 howler monkeys
  4 electric eels
  5 crimson imps
  A centaur zombie (D:8)
  6 hounds
  A jelly (D:5)
  A quasit (D:6)
  A bullfrog skeleton (D:8)
  An orc priest (D:6)
  3 orc wizards
  4 iguanas
  9 worker ants
  2 crocodile zombies (Lair:3)
  A hound zombie (D:7)
  2 hound skeletons
  7 gnolls
  22 adders
  A howler monkey skeleton (D:5)
  2 shadow imps
  4 worms
  A dart slug (D:4)
  10 leopard geckos
  25 orcs
  3 ball pythons
  2 giant cockroaches
  7 goblins
  10 hobgoblins
  12 jackals
  2 quokkas
  9 bats
  6 frilled lizards
  16 kobolds
  9 rats
436 creatures vanquished.

Vanquished Creatures (others)
  An adder (Lair:1)
  13 fungi
  8 plants
22 creatures vanquished.

Grand Total: 458 creatures vanquished

Notes
Turn   | Place    | Note
-------+----------+-------------------------------------------
     0 | D:1      | Gottschkopf the Draconian Transmuter began the quest for
                  | the Orb.
     0 | D:1      | Reached XP level 1. HP: 16/16 MP: 3/3
   236 | D:1      | Reached XP level 2. HP: 8/23 MP: 3/5
   243 | D:1      | Learned a level 2 spell: Sticks to Snakes
   942 | D:1      | Found a shattered altar of Ashenzari.
  1480 | D:2      | Noticed a scorpion
  1561 | D:2      | Reached XP level 3. HP: 28/28 MP: 3/6
  1581 | D:2      | Learned a level 3 spell: Spider Form
  2026 | D:2      | Reached skill level 1 in Poison Magic
  2233 | D:2      | Reached XP level 4. HP: 20/35 MP: 3/7
  2948 | D:3      | Reached skill level 3 in Transmutations
  2948 | D:3      | Reached XP level 5. HP: 25/40 MP: 5/8
  3754 | D:5      | Entered Level 5 of the Dungeon
  3791 | D:4      | Reached skill level 5 in Unarmed Combat
  3816 | D:4      | Got a smoking glass ring
  3817 | D:4      | Identified the ring of Suspected Treachery {*Tele *Contam
                  | rPois SInv} (You found it on level 4 of the Dungeon)
  3858 | D:4      | Reached XP level 6. HP: 47/47 MP: 9/9
  3978 | D:4      | Found a staircase to the Ecumenical Temple.
  3986 | Temple   | Entered the Ecumenical Temple
  4039 | Temple   | Became a worshipper of Sif Muna the Loreminder
  4218 | D:4      | Your scales start taking on a glossy black colour.
  4218 | D:4      | Reached XP level 7. HP: 40/52 MP: 10/10
  4218 | D:4      | Gained mutation: You are resistant to electric shocks.
                  | (rElec) [Black Draconian growth]
  4339 | D:5      | Found a radiant altar of Vehumet.
  4349 | D:5      | Found Jeimopt's Weapon Boutique.
  4368 | D:5      | Noticed Grinder
  4385 | D:5      | Killed Grinder
  4385 | D:5      | Reached skill level 5 in Fighting
  4517 | D:5      | Reached XP level 8. HP: 60/71 MP: 11/11
  4906 | D:5      | Found a stormy altar of Qazlal.
  4975 | D:6      | Noticed a troll
  4986 | D:6      | Killed a troll
  4986 | D:6      | Reached skill level 10 in Fighting
  5098 | D:6      | Reached skill level 4 in Transmutations
  5195 | D:6      | Reached * piety under Sif Muna
  5236 | D:6      | Found Wonita's Jewellery Shop.
  5242 | D:6      | Identified Sif Muna's Disquisition on the Floating
                  | Entourage (Sif Muna gifted it to you on level 6 of the
                  | Dungeon)
  5242 | D:6      | Received a gift from Sif Muna
  5252 | D:6      | Bought an uncursed ring of protection from cold for 250
                  | gold pieces
  5301 | D:5      | Gained mutation: You are dopey. (Int -2) [mutagenic glow]
  5501 | D:6      | Reached skill level 5 in Transmutations
  5549 | D:6      | Reached XP level 9. HP: 82/86 MP: 12/12
  5659 | D:6      | Lost mutation: You are dopey. (Int -2) [potion of mutation]
  5659 | D:6      | Gained mutation: You are weak. (Str -2) [potion of
                  | mutation]
  5659 | D:6      | Gained mutation: You have large cloven feet. [potion of
                  | mutation]
  5659 | D:6      | Gained mutation: Your tail ends in a poisonous barb.
                  | [potion of mutation]
  5659 | D:6      | Gained mutation: Your mind is acute. (Int +2) [potion of
                  | mutation]
  5976 | D:6      | Learned a level 5 spell: Blade Hands
  6180 | D:7      | Reached skill level 6 in Transmutations
  6451 | D:7      | Gained mutation: You tend to lose your temper in combat.
                  | [mutagenic glow]
  6535 | D:7      | Reached skill level 7 in Transmutations
  7200 | D:8      | Found a staircase to the Orcish Mines.
  7210 | D:8      | Reached skill level 8 in Transmutations
  7506 | D:8      | Noticed Harold
  7528 | D:8      | Killed Harold
  7528 | D:8      | Reached XP level 10. HP: 57/96 MP: 13/13
  7675 | D:8      | Noticed Psyche
  7925 | D:8      | Noticed Joseph
  7956 | D:8      | Killed Joseph
  7956 | D:8      | Reached ** piety under Sif Muna
  7956 | D:8      | Received a gift from Sif Muna
  7956 | D:8      | Reached skill level 9 in Transmutations
  8008 | D:8      | Fell from the grace of Sif Muna
  8164 | Temple   | Became a worshipper of Cheibriados the Contemplative
  8874 | D:9      | Found a staircase to the Lair.
  8889 | D:9      | Reached skill level 10 in Transmutations
  8996 | D:9      | Found a runed door.
  9025 | D:9      | Found an iron altar of Okawaru.
  9027 | D:9      | Reached * piety under Cheibriados
  9041 | D:9      | Found a basalt altar of Yredelemnul.
  9068 | D:9      | Found an ornate altar of the Wu Jian Council.
  9069 | D:9      | Gained mutation: Your magical capacity is low. (-10% MP)
                  | [miscasting Blade Hands]
  9116 | D:9      | Found a burning altar of Makhleb.
  9190 | D:9      | Reached skill level 11 in Transmutations
  9213 | D:9      | Found a shadowy altar of Dithmenos.
  9233 | D:9      | Lost mutation: You have large cloven feet. [potion of
                  | mutation]
  9233 | D:9      | Lost mutation: Your magical capacity is low. (-10% MP)
                  | [potion of mutation]
  9233 | D:9      | Lost mutation: Your mind is acute. (Int +2) [potion of
                  | mutation]
  9233 | D:9      | Gained mutation: You can translocate small distances at
                  | will. [potion of mutation]
  9233 | D:9      | Lost mutation: You tend to lose your temper in combat.
                  | [potion of mutation]
  9254 | D:9      | Found a shimmering altar of Xom.
  9419 | D:9      | Noticed a two-headed ogre
  9427 | D:9      | Killed a two-headed ogre
  9521 | D:9      | Reached XP level 11. HP: 91/102 MP: 7/14
  9622 | D:9      | Killed Psyche
  9622 | D:9      | Reached skill level 12 in Transmutations
  9933 | D:9      | Noticed a flayed ghost
  9951 | D:9      | Killed a flayed ghost
 10052 | D:10     | Entered Level 10 of the Dungeon
 10055 | D:10     | Reached ** piety under Cheibriados
 10223 | D:10     | Noticed a cyclops
 10501 | D:10     | Killed a cyclops
 10749 | D:10     | Noticed a green ugly thing
 10755 | D:10     | Killed a green ugly thing
 11302 | D:10     | Learned a level 7 spell: Dragon Form
 11410 | Lair:1   | Entered Level 1 of the Lair of Beasts
 11420 | Lair:1   | Found a runed translucent gate.
 11420 | Lair:1   | Found a runed translucent gate.
 11425 | Lair:1   | Reached skill level 13 in Transmutations
 11426 | Lair:1   | Found a runed translucent gate.
 11461 | Lair:1   | Noticed pheathergobbo575's ghost (journeyman KoRg)
 11487 | Lair:1   | Reached *** piety under Cheibriados
 11487 | Lair:1   | Reached skill level 5 in Spellcasting
 11700 | Lair:1   | Gained mutation: You are frail. (-10% HP) [mutagenic glow]
 11712 | Lair:1   | Noticed a six-headed hydra
 11716 | Lair:1   | Killed an eight-headed hydra
 11942 | Lair:1   | Reached **** piety under Cheibriados
 11991 | Lair:1   | Reached skill level 14 in Transmutations
 12209 | Lair:1   | Reached XP level 12. HP: 94/99 MP: 14/20
 12539 | Lair:1   | Killed pheathergobbo575's ghost
 13386 | Lair:2   | Reached skill level 15 in Transmutations
 13925 | Lair:3   | Found a staircase to the Snake Pit.
 14254 | Lair:3   | Reached ***** piety under Cheibriados
 14283 | Lair:3   | Noticed Sonja
 14357 | Lair:2   | Was forgiven by Sif Muna
 14489 | Lair:3   | Noticed a seven-headed hydra
 14491 | Lair:3   | Noticed a four-headed hydra
 14493 | Lair:3   | Killed a nine-headed hydra
 14497 | Lair:3   | Killed a six-headed hydra
 14498 | Lair:3   | Reached skill level 16 in Transmutations
 14509 | Lair:3   | Found a staircase to the Swamp.
 14586 | Lair:3   | Killed Sonja
 14681 | Lair:3   | Learned a level 3 spell: Mephitic Cloud
 14698 | Lair:3   | Reached skill level 1 in Air Magic
 14833 | Lair:3   | Got a slimy battleaxe
 14951 | Lair:4   | Found a runed translucent gate.
 14951 | Lair:4   | Found a runed translucent gate.
 14951 | Lair:4   | Found a runed translucent gate.
 14955 | Lair:4   | Noticed kroki's ghost (journeyman FrIE)
 14955 | Lair:4   | Noticed Xyudeake's ghost (journeyman VSFE)
 14974 | Lair:4   | Noticed an eight-headed hydra
 14978 | Lair:4   | Killed a ten-headed hydra
 15105 | Lair:4   | Reached XP level 13. HP: 107/107 MP: 21/21
 15345 | Lair:4   | Reached skill level 1 in Stealth
 15349 | Lair:4   | Reached ****** piety under Cheibriados
 15913 | Lair:4   | Killed Xyudeake's ghost
 15913 | Lair:4   | Reached skill level 5 in Stealth
 15915 | Lair:4   | Killed kroki's ghost
 16605 | Lair:6   | Entered Level 6 of the Lair of Beasts
 16831 | Lair:6   | Found a staircase to the Slime Pits.
 16832 | Lair:6   | Found a viscous altar of Jiyva.
 16860 | Lair:6   | HP: 8/163 [poisoned by a black mamba]
 16860 | Lair:6   | HP: 2/163 [blink frog (6)]
 16863 | Lair:6   | Gained mutation: Your large and strong wings let you fly
                  | indefinitely. [Black Draconian growth]
 16863 | Lair:6   | Reached XP level 14. HP: 8/116 MP: 20/23
 16869 | Lair:6   | Slain by a rime drake

Skill      XL: |  1  2  3  4  5  6  7  8  9 10 11 12 13 |
---------------+----------------------------------------+-----
Unarmed Combat | 4 5 7 9 |  9.6
Poison Magic   | 1 2 |  2.4
Transmutations | 3 5 8 11 14 16 | 16.1
Fighting       | 6 10 11 12 13 | 13.2
Dodging        | 4 |  4.5
Spellcasting   | 5 6 |  6.6
Air Magic      | 2 |  2.8
Stealth        | 7 |  7.3

Action                   |  1- 3 |  4- 6 |  7- 9 | 10-12 | 13-15 || total
-------------------------+-------+-------+-------+-------+-------++-------
Melee: Unarmed           |   177 |   140 |   341 |   427 |   176 ||  1261
       Kick              |     9 |       |     4 |     5 |       ||    18
       Headbutt          |     6 |     2 |     5 |       |       ||    13
       Tailslap          |     6 |     5 |     7 |    55 |    27 ||   100
       Punch             |       |       |     1 |    10 |     8 ||    19
       Bite              |       |       |       |     6 |    24 ||    30
 Cast: Beastly Appendage |    17 |     8 |     6 |       |       ||    31
       Spider Form       |     3 |    14 |    25 |     3 |       ||    45
       Sticks to Snakes  |       |       |     4 |       |       ||     4
       Blade Hands       |       |       |       |    45 |       ||    45
       Dragon Form       |       |       |       |     7 |     2 ||     9
Invok: Renounce Religion |       |       |       |     1 |       ||     1
       Bend Time         |       |       |       |       |     1 ||     1
 Abil: Blink             |       |       |       |     2 |     2 ||     4
       End Transformatio |       |       |       |     1 |     2 ||     3
  Use: Scroll            |       |       |    18 |     9 |       ||    27
       Potion            |       |       |     1 |     2 |     5 ||     8
 Stab: Sleeping          |       |     1 |     1 |     7 |     3 ||    12
       Distracted        |       |       |       |     1 |       ||     1
  Eat: Chunk             |     6 |     8 |    18 |    17 |     4 ||    53
       Ration            |       |       |       |     5 |       ||     5
Armor: Skin              |    39 |    25 |    23 |   144 |   138 ||   369
Dodge: Dodged            |   111 |   109 |   264 |   391 |    90 ||   965
